| TOP OF THE 1ST |
|
Louisiana State University Tigers batting - Pitching for University of Southern California Trojans : RHP Nick Hayes
|
|
Pitching: RHP Nick Hayes
|
|
|
Batting: LHB Carsten Obenauer
|
0-0: Foul Ball, location: 2F 0-1: Foul Ball, location: 2F 0-2: DOUBLE (Line Drive, 9LS, EV 98.8 MPH)
|
|
Batting: RHB Ryan West
|
0-0: Foul Ball, location: 2F 0-1: Swinging Strike 0-2: Ball 1-2: Ball 2-2: Ground out 4-3 (Groundball, 4S, EV 65.6 MPH) Carsten Obenauer to third
|
|
Batting: RHB Stewart Walker
|
0-0: Foul Ball, location: 2F 0-1: Ball Wild Pitch! Carsten Obenauer scores 1-1: Ball 2-1: Foul Ball, location: 2F 2-2: Fly out, F9 (Flyball, 9D, EV 97.5 MPH)
|
|
Batting: LHB Oscar Rivera
|
0-0: Fly out, F7 (Flyball, 7, EV 84.4 MPH)
|
| Top of the 1st over - 1 run, 1 hit, 0 errors, 0 left on base; Louisiana State University 1 - University of Southern California 0 |
| BOTTOM OF THE 1ST |
|
University of Southern California Trojans batting - Pitching for Louisiana State University Tigers : RHP Bobby Hanson
|
|
Pitching: RHP Bobby Hanson
|
|
|
Batting: LHB Alonzo Catalan
|
0-0: Ball 1-0: Ground out 6-3 (Groundball, 6, EV 81.2 MPH)
|
|
Batting: LHB Justin Veirs
|
0-0: Ball 1-0: Foul Ball, location: 2F 1-1: Ground out 6-3 (Groundball, 6M, EV 82.5 MPH)
|
|
Batting: LHB Ryan Springer
|
0-0: Ball 1-0: Ball 2-0: Called Strike 2-1: Ground out 6-3 (Groundball, 6MD, EV 83.8 MPH)
|
| Bottom of the 1st over - 0 runs, 0 hits, 0 errors, 0 left on base; Louisiana State University 1 - University of Southern California 0 |
| TOP OF THE 2ND |
|
Louisiana State University Tigers batting - Pitching for University of Southern California Trojans : RHP Nick Hayes
|
|
Batting: LHB Steve Ritchie
|
0-0: Ground out U3 (Groundball, 23, EV 85.6 MPH)
|
|
Batting: RHB Keith Ashton
|
0-0: Ground out 5-3 (Groundball, 56, EV 111.2 MPH)
|
|
Batting: RHB David Olivarez
|
0-0: SINGLE (Groundball, 6MD, EV 103.1 MPH)
|
|
Batting: RHB Bobby Hanson
|
0-0: Ball David Olivarez is caught stealing 2nd base 2-4
|
| Top of the 2nd over - 0 runs, 1 hit, 0 errors, 0 left on base; Louisiana State University 1 - University of Southern California 0 |
| BOTTOM OF THE 2ND |
|
University of Southern California Trojans batting - Pitching for Louisiana State University Tigers : RHP Bobby Hanson
|
|
Batting: RHB Eric Baker
|
0-0: Foul Ball, location: 2F 0-1: SOLO HOME RUN (Flyball, 78XD, EV 113.1 MPH), Distance : 450 ft
|
|
Batting: LHB Rupert Broers
|
0-0: Called Strike 0-1: Foul Ball, location: 2F 0-2: Foul Ball, location: 2F 0-2: Ball 1-2: Foul Ball, location: 2F 1-2: Ball 2-2: Foul Ball, location: 2F 2-2: Ball 3-2: Foul Ball, location: 2F 3-2: Ground out 3-1 (Groundball, 34, EV 84.4 MPH)
|
|
Batting: LHB John Rumbolt
|
0-0: Ball 1-0: Ball 2-0: Called Strike 2-1: Foul Ball, location: 2F 2-2: Foul Ball, location: 2F 2-2: Foul Ball, location: 2F 2-2: Ground out 6-3 (Groundball, P, EV 88.1 MPH)
|
|
Batting: RHB Liangde Zhou
|
0-0: Ball 1-0: Foul Ball, location: 2F 1-1: Fly out, F8 (Flyball, 8RM, EV 89.4 MPH)
|
| Bottom of the 2nd over - 1 run, 1 hit, 0 errors, 0 left on base; Louisiana State University 1 - University of Southern California 1 |
| TOP OF THE 3RD |
|
Louisiana State University Tigers batting - Pitching for University of Southern California Trojans : RHP Nick Hayes
|
|
Batting: RHB Bobby Hanson
|
0-0: Foul Ball, location: 2F 0-1: Ball 1-1: Ground out 4-3 (Groundball, 4, EV 87.5 MPH)
|
|
Batting: LHB Todd Saunders
|
0-0: Ball 1-0: Called Strike 1-1: Foul Ball, location: 2F 1-2: Strikes out swinging
|
|
Batting: LHB Carsten Obenauer
|
0-0: Called Strike 0-1: Called Strike 0-2: Foul Ball, location: 2F 0-2: Ball 1-2: Strikes out swinging
|
| Top of the 3rd over - 0 runs, 0 hits, 0 errors, 0 left on base; Louisiana State University 1 - University of Southern California 1 |
| BOTTOM OF THE 3RD |
|
University of Southern California Trojans batting - Pitching for Louisiana State University Tigers : RHP Bobby Hanson
|
|
Batting: RHB Jeremy McAbee
|
0-0: Ground out 4-3 (Groundball, 4, EV 97.5 MPH)
|
|
Batting: RHB Chris Thomas
|
0-0: Ball 1-0: Fly out, F4 (Line Drive, 4, EV 73.8 MPH)
|
|
Batting: LHB Alonzo Catalan
|
0-0: Ball 1-0: Called Strike 1-1: Called Strike 1-2: Strikes out swinging
|
| Bottom of the 3rd over - 0 runs, 0 hits, 0 errors, 0 left on base; Louisiana State University 1 - University of Southern California 1 |
| TOP OF THE 4TH |
|
Louisiana State University Tigers batting - Pitching for University of Southern California Trojans : RHP Nick Hayes
|
|
Batting: RHB Ryan West
|
0-0: Ball 1-0: Swinging Strike 1-1: SINGLE (Groundball, 6MD, EV 98.8 MPH)
|
|
Batting: RHB Stewart Walker
|
0-0: Fielders Choice at 2nd, 4-6 (Groundball, 34S, EV 83.1 MPH)
|
|
Batting: LHB Oscar Rivera
|
0-0: Ball Stewart Walker steals 2nd base 1-0: Fly out, F8 (Flyball, 8LXD, EV 105.6 MPH) Runner from 2nd tags up, SAFE at 3rd, no throw by CF
|
|
Batting: LHB Steve Ritchie
|
0-0: Foul Ball, location: 2F 0-1: DOUBLE (Line Drive, 89XD, EV 100.0 MPH) Stewart Walker scores
|
|
Batting: RHB Keith Ashton
|
0-0: Ball 1-0: Foul Ball, location: 2F 1-1: Ground out 6-3 (Groundball, 6, EV 100.6 MPH)
|
| Top of the 4th over - 1 run, 2 hits, 0 errors, 1 left on base; Louisiana State University 2 - University of Southern California 1 |
| BOTTOM OF THE 4TH |
|
University of Southern California Trojans batting - Pitching for Louisiana State University Tigers : RHP Bobby Hanson
|
|
Batting: LHB Justin Veirs
|
0-0: Foul Ball, location: 2F 0-1: Foul Ball, location: 2F 0-2: Ground out 4-3 (Groundball, 4, EV 82.5 MPH)
|
|
Batting: LHB Ryan Springer
|
0-0: Ball 1-0: Called Strike 1-1: Fly out, F7 (Line Drive, 7S, EV 100.6 MPH)
|
|
Batting: RHB Eric Baker
|
0-0: Ball 1-0: Ground out 6-3 (Groundball, 56, EV 88.1 MPH)
|
| Bottom of the 4th over - 0 runs, 0 hits, 0 errors, 0 left on base; Louisiana State University 2 - University of Southern California 1 |
| TOP OF THE 5TH |
|
Louisiana State University Tigers batting - Pitching for University of Southern California Trojans : RHP Nick Hayes
|
|
Now at C: Ashley Shepherd
|
|
|
Now at 2B: Jochen Schanz
|
|
|
Now in CF: Brad Betterton
|
|
|
Batting: RHB David Olivarez
|
0-0: Called Strike 0-1: Ground out 5-3 (Groundball, 5, EV 83.8 MPH)
|
|
Batting: RHB Bobby Hanson
|
0-0: Called Strike 0-1: Ground out 5-3 (Groundball, 56, EV 79.4 MPH)
|
|
Batting: LHB Todd Saunders
|
0-0: Ball 1-0: Ground out U3 (Groundball, 34S, EV 88.8 MPH)
|
| Top of the 5th over - 0 runs, 0 hits, 0 errors, 0 left on base; Louisiana State University 2 - University of Southern California 1 |
| BOTTOM OF THE 5TH |
|
University of Southern California Trojans batting - Pitching for Louisiana State University Tigers : RHP Bobby Hanson
|
|
Now at C: Stone Fraser
|
|
|
Now in LF: Dave Fell
|
|
|
Now in CF: Tyler Lackie
|
|
|
Now in RF: Roku Miyahara
|
|
|
Batting: LHB Rupert Broers
|
0-0: Foul Ball, location: 2F 0-1: Ground out 1-3 (Groundball, 13S, EV 76.9 MPH)
|
|
Batting: LHB John Rumbolt
|
0-0: Swinging Strike 0-1: Ball 1-1: Foul Ball, location: 2F 1-2: Strikes out swinging
|
|
Batting: RHB Liangde Zhou
|
0-0: Ball 1-0: Ball 2-0: Called Strike 2-1: Ball 3-1: Swinging Strike 3-2: Ground out U3 (Groundball, 13, EV 85.0 MPH)
|
| Bottom of the 5th over - 0 runs, 0 hits, 0 errors, 0 left on base; Louisiana State University 2 - University of Southern California 1 |
| TOP OF THE 6TH |
|
Louisiana State University Tigers batting - Pitching for University of Southern California Trojans : RHP Nick Hayes
|
|
Now in LF: Dave Helman
|
|
|
Now in RF: Roger Kean
|
|
|
Batting: SHB Stone Fraser
|
0-0: Called Strike 0-1: Swinging Strike 0-2: Ball 1-2: Ball 2-2: Ball 3-2: Strikes out swinging, 2-3 out at first.
|
|
Pinch Hitting: RHB Byung-hee Jee
|
0-0: Fly out, F8 (Flyball, 8LD, EV 89.4 MPH)
|
|
Pinch Hitting: RHB Steve McCoig
|
0-0: Foul Ball, location: 2F 0-1: Ball 1-1: Ball 2-1: Ball 3-1: Called Strike 3-2: Strikes out looking
|
| Top of the 6th over - 0 runs, 0 hits, 0 errors, 0 left on base; Louisiana State University 2 - University of Southern California 1 |
| BOTTOM OF THE 6TH |
|
University of Southern California Trojans batting - Pitching for Louisiana State University Tigers : RHP Bobby Hanson
|
|
Now at 2B: Michael Maier
|
|
|
Now at SS: Wes Laurendeau
|
|
|
Batting: RHB Jeremy McAbee
|
0-0: Foul Ball, location: 2F 0-1: Ball 1-1: Ball 2-1: Ground out 5-3 (Groundball, 5, EV 76.9 MPH)
|
|
Batting: RHB Chris Thomas
|
0-0: Ball 1-0: Foul Ball, location: 2F 1-1: Ball 2-1: Ground out 4-3 (Groundball, 4MS, EV 68.8 MPH)
|
|
Batting: LHB Brad Betterton
|
0-0: Fly out, F8 (Flyball, 78XD, EV 90.0 MPH)
|
| Bottom of the 6th over - 0 runs, 0 hits, 0 errors, 0 left on base; Louisiana State University 2 - University of Southern California 1 |
| TOP OF THE 7TH |
|
Louisiana State University Tigers batting - Pitching for University of Southern California Trojans : RHP Nick Hayes
|
|
Now at 1B: Santiago Romero
|
|
|
Now at 2B: John Sandberg
|
|
|
Now at SS: Jochen Schanz
|
|
|
Batting: RHB Roku Miyahara
|
0-0: Called Strike 0-1: Foul Ball, location: 2F 0-2: SOLO HOME RUN (Flyball, 78XD, EV 110.6 MPH), Distance : 433 ft
|
|
Pinch Hitting: SHB Marshall Miller
|
0-0: Called Strike 0-1: Ball 1-1: Swinging Strike 1-2: Foul Ball, location: 2F 1-2: Strikes out looking
|
|
Pinch Hitting: SHB Graham Beamish
|
0-0: Called Strike 0-1: Ball 1-1: Fly out, F6 (Popup, 6, EV 51.9 MPH)
|
|
Batting: RHB Tyler Lackie
|
0-0: Ball 1-0: Ball 2-0: DOUBLE (Line Drive, 3D, EV 103.8 MPH)
|
|
Pitching: LHP Jaden Peay
|
|
|
Batting: RHB Bobby Hanson
|
0-0: Called Strike 0-1: Ball 1-1: Ball 2-1: Ball 3-1: Called Strike 3-2: Base on Balls
|
|
Batting: RHB Dave Fell
|
0-0: Called Strike 0-1: Swinging Strike 0-2: Ball 1-2: Foul Ball, location: 2F 1-2: Ball 2-2: Ground out U3 (Groundball, 34S, EV 68.8 MPH)
|
| Top of the 7th over - 1 run, 2 hits, 0 errors, 2 left on base; Louisiana State University 3 - University of Southern California 1 |
| BOTTOM OF THE 7TH |
|
University of Southern California Trojans batting - Pitching for Louisiana State University Tigers : RHP Bobby Hanson
|
|
Pitching: RHP Jason Reger
|
|
|
Now at 1B: Zachary Acker
|
|
|
Now at 3B: Bernie Benavides
|
|
|
Batting: RHB Jim Baltazar
|
0-0: Called Strike 0-1: Called Strike 0-2: Ball 1-2: Ball 2-2: Fly out, F9 (Flyball, 9, EV 84.4 MPH)
|
|
Batting: RHB Jochen Schanz
|
0-0: Swinging Strike 0-1: Foul Ball, location: 2F 0-2: Ball 1-2: Strikes out looking
|
|
Batting: RHB Ashley Shepherd
|
0-0: Called Strike 0-1: Ball 1-1: Foul Ball, location: 2F 1-2: Strikes out swinging
|
| Bottom of the 7th over - 0 runs, 0 hits, 0 errors, 0 left on base; Louisiana State University 3 - University of Southern California 1 |
| TOP OF THE 8TH |
|
Louisiana State University Tigers batting - Pitching for University of Southern California Trojans : LHP Jaden Peay
|
|
Batting: SHB Stone Fraser
|
0-0: Foul Ball, location: 2F 0-1: Ball 1-1: Swinging Strike 1-2: Ball 2-2: Ball 3-2: SINGLE (Groundball, 56S, EV 73.1 MPH) (infield hit)
|
|
Batting: RHB Michael Maier
|
0-0: Bunted foul 0-1: Bunt missed! 0-2: Ball 1-2: Fielders Choice at 2nd, 6-4 (Groundball, 6, EV 100.6 MPH)
|
|
Batting: RHB Wes Laurendeau
|
0-0: Ball 1-0: Grounds into double play, 4-6-3 (Groundball, 4, EV 105.0 MPH)
|
| Top of the 8th over - 0 runs, 1 hit, 0 errors, 0 left on base; Louisiana State University 3 - University of Southern California 1 |
| BOTTOM OF THE 8TH |
|
University of Southern California Trojans batting - Pitching for Louisiana State University Tigers : RHP Jason Reger
|
|
Batting: RHB John Sandberg
|
0-0: Called Strike 0-1: Ball 1-1: Ball 2-1: Ground out 1-3 (Groundball, P, EV 71.9 MPH)
|
|
Batting: LHB Roger Kean
|
0-0: Called Strike 0-1: Foul Ball, location: 2F 0-2: Ball 1-2: Strikes out swinging
|
|
Batting: LHB Dave Helman
|
0-0: Called Strike 0-1: Ground out 5-3 (Groundball, 5, EV 84.4 MPH)
|
| Bottom of the 8th over - 0 runs, 0 hits, 0 errors, 0 left on base; Louisiana State University 3 - University of Southern California 1 |
| TOP OF THE 9TH |
|
Louisiana State University Tigers batting - Pitching for University of Southern California Trojans : LHP Jaden Peay
|
|
Pitching: LHP Bryce Brimhall
|
|
|
Batting: RHB Roku Miyahara
|
0-0: Ball 1-0: Swinging Strike 1-1: Ball 2-1: Foul Ball, location: 2F 2-2: Strikes out looking
|
|
Batting: RHB Bernie Benavides
|
0-0: Ball 1-0: Ball 2-0: Ball 3-0: Base on Balls
|
|
Batting: RHB Zachary Acker
|
0-0: Called Strike 0-1: Ball 1-1: Foul Ball, location: 2F 1-2: Strikes out swinging
|
|
Pinch Hitting: LHB Manny Grado
|
0-0: Ball 1-0: Ball 2-0: Foul Ball, location: 2F 2-1: Ball 3-1: Fly out, F7 (Flyball, 7, EV 88.1 MPH)
|
| Top of the 9th over - 0 runs, 0 hits, 0 errors, 1 left on base; Louisiana State University 3 - University of Southern California 1 |
| BOTTOM OF THE 9TH |
|
University of Southern California Trojans batting - Pitching for Louisiana State University Tigers : RHP Jason Reger
|
|
Pitching: LHP Clyde Fisher
|
|
|
Now in LF: Brian Caruso
|
|
|
Now in CF: Dave Fell
|
|
|
Pinch Hitting: SHB Dave Montoya
|
0-0: Foul Ball, location: 2F 0-1: Ball 1-1: Foul Ball, location: 2F 1-2: Ball 2-2: Strikes out swinging
|
|
Pinch Hitting: RHB Tri Kartini
|
0-0: Ball 1-0: Foul Ball, location: 2F 1-1: Ball 2-1: Called Strike 2-2: Strikes out swinging
|
|
Pinch Hitting: SHB Mhelter Daulong
|
0-0: Called Strike 0-1: Ball 1-1: Called Strike 1-2: Foul Ball, location: 2F 1-2: Strikes out swinging
|
| Bottom of the 9th over - 0 runs, 0 hits, 0 errors, 0 left on base; Louisiana State University 3 - University of Southern California 1 |
|